Blackhawks vs Blues

Created - Friday, April 10, 2015 at 00:33

Goals
1 2 3 T
Blackhawks 1 0 0 1
Blues 1 1 1 3
Shots
1 2 3 T
Blackhawks 16 11 13 40
Blues 6 10 4 20

1st period

1. Blues , Sean Couturier 17 (Anders Lee, Tomas Tatar) at 4:10 (PP)
2. Blackhawks , Torey Krug 14 (Tyler Toffoli, Jeff Carter) at 10:56

Penalties :
Dustin Byfuglien (Chi) for Tripping (Minor) at 3:05, Dustin Byfuglien (Chi) for Cross-checking (Minor) at 13:35

2nd period

3. Blues , Zdeno Chara 23 (Johan Franzen, Andre Benoit) at 19:32 (PP)

Penalties :
Ed Jovanovski (Chi) for Tripping (Minor) at 11:59, Jeff Carter (Chi) for Hooking (Minor) at 18:28

3rd period

4. Blues , Tomas Tatar 21 (Rick Nash) at 16:05

Penalties :
Sean Couturier (StL) for Diving (Minor) at 0:44, Andrew Desjardins (StL) for Roughing (Minor) at 11:11, Andrew Shaw (Chi) for Goalie Interference (Minor) at 17:32

Goalie Stats

Jimmy Howard (Chi), 17 saves from 20 shots - (0.850), L, 26-33-7, 60:00 minutes
Henrik Lundqvist (StL), 39 saves from 40 shots - (0.975), W, 42-18-7, 60:00 minutes

Players Stats for Blackhawks

Player Name              G  A  P  +/- PIM S  H  SB GA TA FO     MP     PP MP  PK MP  
------------------------------------------------------------------------------------
Andrew Shaw              0  0  0  -1  2   3  0  1  2  0  4/11   12:15   0:00   0:00 
Barret Jackman           0  0  0  -1  0   0  0  2  0  0  0/0    21:42   0:00   4:22 
Brent Burns              0  0  0  -1  0   4  1  0  2  0  3/6    18:43   1:56   4:15 
Brock Nelson             0  0  0  -1  0   0  0  0  0  0  0/0    13:55   1:50   0:00 
Brooks Laich             0  0  0   0  0   3  2  1  0  0  0/0    11:35   0:00   0:47 
Dustin Byfuglien         0  0  0   0  4   2  0  0  1  2  0/0    18:00   1:56   2:28 
Ed Jovanovski            0  0  0   0  2   1  2  0  0  1  0/0    15:28   0:00   0:00 
Jeff Carter              0  1  1   1  2   4  0  0  4  1  2/10   17:39   2:08   3:31 
Jordie Benn              0  0  0   1  0   7  3  0  0  2  0/0    18:30   0:00   3:44 
Justin Braun             0  0  0   0  0   2  0  1  0  3  0/0    20:04   0:00   4:49 
Justin Fontaine          0  0  0   0  0   1  1  0  2  0  0/2    12:54   2:08   0:00 
Martin Hanzal            0  0  0   0  0   2  5  0  3  0  9/15   19:03   1:50   4:08 
Michael Del Zotto        0  0  0  -1  0   0  1  0  2  0  0/0    19:05   2:02   0:00 
Mike Hoffman             0  0  0   1  0   0  0  0  0  0  0/0    11:47   0:00   0:00 
Ryan Callahan            0  0  0   0  0   3  2  0  2  0  0/0    19:19   1:50   4:20 
Torey Krug               1  0  1   1  0   5  0  0  0  0  0/0    17:09   2:02   0:00 
Tyler Toffoli            0  1  1   1  0   2  2  0  0  1  0/0    13:55   2:08   0:00 
Will Acton               0  0  0   0  0   1  1  2  1  0  4/11   10:46   0:00   0:00 

Players Stats for Blues

Player Name              G  A  P  +/- PIM S  H  SB GA TA FO     MP     PP MP  PK MP  
------------------------------------------------------------------------------------
Anders Lee               0  1  1   0  0   1  2  0  3  0  0/0    17:39   5:26   0:00 
Andre Benoit             0  1  1   0  0   2  0  0  0  1  0/0    15:55   2:28   0:00 
Andrew Desjardins        0  0  0   0  2   1  1  0  0  1  6/7    14:59   0:26   1:30 
Artem Anisimov           0  0  0   0  0   2  0  2  1  1  1/3    20:17   5:38   2:38 
Bryan Allen              0  0  0   0  0   0  2  0  0  0  0/0    16:44   0:00   1:36 
Hampus Lindholm          0  0  0  -1  0   0  0  0  1  0  0/0     4:12   0:00   0:00 
J.T. Brown               0  0  0   0  0   0  0  0  0  1  0/0     9:18   0:00   0:00 
Joe Vitale               0  0  0   0  0   0  2  1  0  1  3/7     9:18   0:00   0:00 
Johan Franzen            0  1  1   0  0   3  2  0  2  1  2/2    21:59   2:28   0:00 
Josh Gorges              0  0  0   0  0   1  1  1  0  2  0/0    21:18   0:00   2:22 
Kevan Miller             0  0  0   0  0   0  0  0  0  1  0/0    14:47   0:00   1:36 
Mark Fayne               0  0  0   0  0   0  0  4  0  1  0/0    14:39   0:00   0:00 
Mark Stone               0  0  0   0  0   2  0  0  2  0  1/1    14:02   1:52   0:00 
Rick Nash                0  1  1   0  0   2  0  0  5  0  0/0    19:41   4:27   0:00 
Sean Couturier           1  0  1   0  2   2  1  0  0  1  11/18  20:17   4:01   1:09 
Steve Ott                0  0  0   0  0   1  3  0  0  1  8/16   19:07   4:05   2:39 
Tomas Tatar              1  1  2   0  0   2  0  0  2  0  1/1    18:39   4:01   0:00 
Zdeno Chara              1  0  1   1  0   1  3  2  0  4  0/0    23:09   5:38   2:22 

3 Stars

1 - Henrik Lundqvist (StL)
2 - Zdeno Chara (StL)
3 - Tomas Tatar (StL)

Power Play

Blackhawks - 0 on 2 Attempt(s) - 0.00%
Blues - 2 on 5 Attempt(s) - 40.00%

Penalty Kill

Blackhawks - 3 on 5 Attempt(s) - 60.00% - Score 0 goal in Penalty Kill
Blues - 2 on 2 Attempt(s) - 100.00% - Score 0 goal in Penalty Kill

Team Stat

Blackhawks - Hits : 20 - Faceoff Wins : 22 - Blocked Shots : 7 - Penalty Minutes : 10
Blues - Hits : 17 - Faceoff Wins : 33 - Blocked Shots : 10 - Penalty Minutes : 4

Official

Referees : Unknown
Linesman : Unknown

Game Notes

No Game Note

Finance

Level 1 -- Attendance: 5269 (87.82%) -- Ticket Income $437,327
Level 2 -- Attendance: 4811 (96.22%) -- Ticket Income $230,928
Level 3 -- Attendance: 1815 (90.75%) -- Ticket Income $47,190
Level 4 -- Attendance: 3892 (97.30%) -- Ticket Income $54,488
Luxury Box -- Attendance: 1000 (100.00%) -- Ticket Income $170,000
Game was played at the Savis Center'
Total Attendance: 16787 (93.26%)
Total Ticket Income: $939,933
Other Income: $460,567
Total Income: $1,400,500

Blackhawks

5 vs 5 Forward 
   Center                   Left Wing                Right Wing               Time % Phy DF OF 
 1 Martin Hanzal            Dustin Byfuglien         Ryan Callahan            30     1   2  2  
 2 Jeff Carter              Mike Hoffman             Tyler Toffoli            25     1   2  2  
 3 Andrew Shaw              Brock Nelson             Brent Burns              25     2   2  1  
 4 Will Acton               Brooks Laich             Justin Fontaine          20     2   2  1  

5 vs 5 Defense 
   Defense                  Defense                                           Time % Phy DF OF 
 1 Barret Jackman           Michael Del Zotto                                 30     1   2  2  
 2 Justin Braun             Ed Jovanovski                                     30     1   2  2  
 3 Jordie Benn              Torey Krug                                        30     1   2  2  
 4 Barret Jackman           Michael Del Zotto                                 10     1   2  2  

PowerPlay Forward 
   Center                   Left Wing                Right Wing               Time % Phy DF OF 
 1 Jeff Carter              Tyler Toffoli            Justin Fontaine          50     0   1  4  
 2 Martin Hanzal            Brock Nelson             Ryan Callahan            50     0   1  4  

PowerPlay Defense
   Defense                  Defense                                           Time % Phy DF OF 
 1 Brent Burns              Dustin Byfuglien                                  50     0   2  3  
 2 Michael Del Zotto        Torey Krug                                        50     0   2  3  

Penalty Kill 4 Players Forward 
   Center                   Wing                     Time % Phy DF OF 
 1 Brent Burns              Ryan Callahan            50     1   3  1  
 2 Martin Hanzal            Jeff Carter              50     1   3  1  

Penalty Kill 4 Players Defense
   Defense                  Defense                  Time % Phy DF OF 
 1 Barret Jackman           Dustin Byfuglien         50     2   3  0  
 2 Jordie Benn              Justin Braun             50     2   3  0  

Penalty Kill - 3 Players Forward 
   Forward                                           Time % Phy DF OF 
 1 Ryan Callahan                                     50     1   4  0  
 2 Jeff Carter                                       50     1   4  0  

Penalty Kill - 3 Players Defense
   Defense                  Defense                  Time % Phy DF OF 
 1 Barret Jackman           Dustin Byfuglien         50     1   4  0  
 2 Jordie Benn              Justin Braun             50     1   4  0  

4 vs 4 Forward 
   Center                   Wing                     Time % Phy DF OF 
 1 Jeff Carter              Tyler Toffoli            50     0   2  3  
 2 Martin Hanzal            Ryan Callahan            50     0   2  3  

4 vs 4 Defense
   Defense                  Defense                  Time % Phy DF OF 
 1 Justin Braun             Dustin Byfuglien         50     1   2  2  
 2 Jordie Benn              Torey Krug               50     1   2  2  

Last Minutes Offensive
   Center                   Left Wing                Right Wing               Defense                  Defense                  
   Martin Hanzal            Ryan Callahan            Jeff Carter              Dustin Byfuglien         Michael Del Zotto        

Last Minutes Defensive
   Center                   Left Wing                Right Wing               Defense                  Defense                  
   Martin Hanzal            Brooks Laich             Ryan Callahan            Justin Braun             Barret Jackman           

Goaltenders
Starting : Jimmy Howard             
Backup : Craig Anderson           

Extra Forwards
Normal : Jeff Carter, Tyler Toffoli, Ryan Callahan - PP : Ryan Callahan, Jeff Carter - PK : Ryan Callahan
Extra Defensemen
Normal : Justin Braun, Torey Krug, Dustin Byfuglien - PP : Brent Burns - PK : Justin Braun, Dustin Byfuglien
Penalty Shots
Martin Hanzal, Brent Burns, Jeff Carter, Ryan Callahan, Dustin Byfuglien

Blues

5 vs 5 Forward 
   Center                   Left Wing                Right Wing               Time % Phy DF OF 
 1 Sean Couturier           Tomas Tatar              Rick Nash                38     1   1  3  
 2 Steve Ott                Artem Anisimov           Johan Franzen            32     1   1  3  
 3 Andrew Desjardins        Anders Lee               Mark Stone               22     1   1  3  
 4 Joe Vitale               Johan Franzen            J.T. Brown               8      1   1  3  

5 vs 5 Defense 
   Defense                  Defense                                           Time % Phy DF OF 
 1 Zdeno Chara              Josh Gorges                                       35     1   4  0  
 2 Bryan Allen              Mark Fayne                                        30     1   4  0  
 3 Kevan Miller             Andre Benoit                                      22     1   4  0  
 4 Hampus Lindholm          Josh Gorges                                       13     1   4  0  

PowerPlay Forward 
   Center                   Left Wing                Right Wing               Time % Phy DF OF 
 1 Steve Ott                Anders Lee               Rick Nash                50     0   1  4  
 2 Sean Couturier           Anders Lee               Tomas Tatar              50     0   1  4  

PowerPlay Defense
   Defense                  Defense                                           Time % Phy DF OF 
 1 Artem Anisimov           Zdeno Chara                                       50     0   1  4  
 2 Johan Franzen            Andre Benoit                                      50     0   1  4  

Penalty Kill 4 Players Forward 
   Center                   Wing                     Time % Phy DF OF 
 1 Sean Couturier           Artem Anisimov           50     0   4  1  
 2 Andrew Desjardins        Steve Ott                50     0   4  1  

Penalty Kill 4 Players Defense
   Defense                  Defense                  Time % Phy DF OF 
 1 Zdeno Chara              Josh Gorges              50     0   4  1  
 2 Bryan Allen              Kevan Miller             50     0   4  1  

Penalty Kill - 3 Players Forward 
   Forward                                           Time % Phy DF OF 
 1 Artem Anisimov                                    60     0   4  1  
 2 Sean Couturier                                    40     0   4  1  

Penalty Kill - 3 Players Defense
   Defense                  Defense                  Time % Phy DF OF 
 1 Zdeno Chara              Josh Gorges              60     0   4  1  
 2 Bryan Allen              Kevan Miller             40     0   4  1  

4 vs 4 Forward 
   Center                   Wing                     Time % Phy DF OF 
 1 Andrew Desjardins        Tomas Tatar              50     1   3  1  
 2 Sean Couturier           Johan Franzen            50     1   3  1  

4 vs 4 Defense
   Defense                  Defense                  Time % Phy DF OF 
 1 Zdeno Chara              Josh Gorges              50     1   3  1  
 2 Bryan Allen              Mark Fayne               50     1   3  1  

Last Minutes Offensive
   Center                   Left Wing                Right Wing               Defense                  Defense                  
   Steve Ott                Tomas Tatar              Rick Nash                Zdeno Chara              Josh Gorges              

Last Minutes Defensive
   Center                   Left Wing                Right Wing               Defense                  Defense                  
   Steve Ott                Tomas Tatar              Rick Nash                Zdeno Chara              Josh Gorges              

Goaltenders
Starting : Henrik Lundqvist         
Backup : Frederik Andersen        

Extra Forwards
Normal : Tomas Tatar, Anders Lee, Johan Franzen - PP : Rick Nash, Mark Stone - PK : Steve Ott
Extra Defensemen
Normal : Mark Fayne, Bryan Allen, Josh Gorges - PP : Zdeno Chara - PK : Andre Benoit, Hampus Lindholm
Penalty Shots
Sean Couturier, Steve Ott, Rick Nash, Tomas Tatar, Zdeno Chara

% Time on Ice - Blackhawks

Lines # - Real PCT - Wanted PCT - Time Play
Normal Forward
1 - 27% - 30% - 13:04
2 - 25% - 25% - 12:06
3 - 25% - 25% - 12:00
4 - 22% - 20% - 10:46
Normal Defense
1 - 31% - 30% - 14:47
2 - 33% - 30% - 15:36
3 - 31% - 30% - 14:46
4 - 6% - 10% - 2:47
PP Forward
1 - 54% - 50% - 2:08
2 - 46% - 50% - 1:50
PP Defense
1 - 49% - 50% - 1:56
2 - 51% - 50% - 2:02
PK Forward
1 - 49% - 50% - 3:58
2 - 51% - 50% - 4:08
PK Defense
1 - 54% - 50% - 4:22
2 - 46% - 50% - 3:44
PK3 Forward
1 - 0% - 50%
2 - 0% - 50%
PK3 Defense
1 - 0% - 50%
2 - 0% - 50%
44 Forward
1 - 0% - 50%
2 - 0% - 50%
44 Defense
1 - 0% - 50%
2 - 0% - 50%
Last Minute Offensive  - 0:00
Last Minute Defensive  - 0:00
Total
Forward - 60:00
Defense - 60:00

% Time on Ice - Blues

Lines # - Real PCT - Wanted PCT - Time Play
Normal Forward
1 - 33% - 38% - 15:35
2 - 24% - 32% - 11:28
3 - 24% - 22% - 11:35
4 - 19% - 8% - 9:18
Normal Defense
1 - 32% - 35% - 15:09
2 - 33% - 30% - 15:53
3 - 26% - 22% - 12:42
4 - 9% - 13% - 4:12
PP Forward
1 - 50% - 50% - 4:05
2 - 50% - 50% - 4:01
PP Defense
1 - 70% - 50% - 5:38
2 - 30% - 50% - 2:28
PK Forward
1 - 45% - 50% - 1:48
2 - 55% - 50% - 2:10
PK Defense
1 - 60% - 50% - 2:22
2 - 40% - 50% - 1:36
PK3 Forward
1 - 0% - 60%
2 - 0% - 40%
PK3 Defense
1 - 0% - 60%
2 - 0% - 40%
44 Forward
1 - 0% - 50%
2 - 0% - 50%
44 Defense
1 - 0% - 50%
2 - 0% - 50%
Last Minute Offensive  - 0:00
Last Minute Defensive  - 0:00
Total
Forward - 60:00
Defense - 60:00

Play by Play

1st period


0:01 of 1st period - Martin Hanzal wins face-off versus Sean Couturier in neutral zone.
0:54 of 1st period - Wrist shot by Jeff Carter.
0:54 of 1st period - Stopped by Henrik Lundqvist with a rebound.
0:56 of 1st period - Slapshot by Ed Jovanovski.
0:56 of 1st period - Shot Misses the Net.
0:58 of 1st period - Slapshot by Ed Jovanovski.
0:58 of 1st period - Deflect By Jeff Carter.
0:58 of 1st period - Shot Misses the Net.
0:58 of 1st period - Puck is out of play.
0:59 of 1st period - Steve Ott wins face-off versus Jeff Carter in Blues zone.
1:04 of 1st period - Ed Jovanovski is hit by Johan Franzen.
1:52 of 1st period - Ed Jovanovski is hit by Bryan Allen and loses puck.
2:56 of 1st period - Slapshot by Michael Del Zotto.
2:56 of 1st period - Deflect By Justin Fontaine.
2:56 of 1st period - Shot Misses the Net.
2:56 of 1st period - Puck is out of play.
2:57 of 1st period - Joe Vitale wins face-off versus Martin Hanzal in Blues zone.
3:05 of 1st period - Minor Penalty to Dustin Byfuglien for Tripping.
3:06 of 1st period - Steve Ott wins face-off versus Martin Hanzal in Blackhawks zone.
3:10 of 1st period - Snap shot by Anders Lee.
3:10 of 1st period - Stopped by Jimmy Howard without a rebound.
3:11 of 1st period - Martin Hanzal wins face-off versus Steve Ott in Blackhawks zone.
4:06 of 1st period - Snap shot by Sean Couturier.
4:06 of 1st period - Shot Blocked by Justin Braun.
4:08 of 1st period - Wrist shot by Anders Lee.
4:08 of 1st period - Shot Misses the Net.
4:10 of 1st period - Snap shot by Sean Couturier.
4:10 of 1st period - Goal by Sean Couturier - Blackhawks : 0 - Blues : 1.
4:11 of 1st period - Johan Franzen wins face-off versus Will Acton in neutral zone.
4:28 of 1st period - Wrist shot by Justin Fontaine.
4:28 of 1st period - Shot Misses the Net.
4:30 of 1st period - Slapshot by Jordie Benn.
4:30 of 1st period - Stopped by Henrik Lundqvist with a rebound.
4:32 of 1st period - Snap shot by Brooks Laich.
4:32 of 1st period - Stopped by Henrik Lundqvist with a rebound.
4:34 of 1st period - Snap shot by Brooks Laich.
4:34 of 1st period - Stopped by Henrik Lundqvist without a rebound.
4:35 of 1st period - Martin Hanzal wins face-off versus Sean Couturier in Blues zone.
4:38 of 1st period - Slapshot by Dustin Byfuglien.
4:38 of 1st period - Shot Misses the Net.
4:50 of 1st period - Wrist shot by Ryan Callahan.
4:50 of 1st period - Shot Misses the Net.
5:42 of 1st period - Wrist shot by Andrew Shaw.
5:42 of 1st period - Shot Blocked by Mark Fayne.
5:44 of 1st period - Slapshot by Brent Burns.
5:44 of 1st period - Deflect By Andrew Shaw.
5:44 of 1st period - Stopped by Henrik Lundqvist with a rebound.
5:46 of 1st period - Slapshot by Jordie Benn.
5:46 of 1st period - Stopped by Henrik Lundqvist with a rebound.
5:48 of 1st period - Snap shot by Andrew Shaw.
5:48 of 1st period - Stopped by Henrik Lundqvist with a rebound.
5:50 of 1st period - Slapshot by Torey Krug.
5:50 of 1st period - Shot Blocked by Mark Fayne.
5:52 of 1st period - Wrist shot by Jordie Benn.
5:52 of 1st period - Stopped by Henrik Lundqvist with a rebound.
5:54 of 1st period - Slapshot by Jordie Benn.
5:54 of 1st period - Stopped by Henrik Lundqvist with a rebound.
6:57 of 1st period - Snap shot by Mark Stone.
6:57 of 1st period - Stopped by Jimmy Howard without a rebound.
6:58 of 1st period - Andrew Desjardins wins face-off versus Will Acton in Blackhawks zone.
7:01 of 1st period - Snap shot by Anders Lee.
7:01 of 1st period - Shot Blocked by Will Acton.
7:03 of 1st period - Slapshot by Andrew Desjardins.
7:03 of 1st period - Deflect By Mark Stone.
7:03 of 1st period - Stopped by Jimmy Howard without a rebound.
7:04 of 1st period - Andrew Desjardins wins face-off versus Will Acton in Blackhawks zone.
7:14 of 1st period - Off-side.
7:15 of 1st period - Steve Ott wins face-off versus Will Acton in neutral zone.
7:20 of 1st period - Justin Braun is hit by Josh Gorges and loses puck.
7:27 of 1st period - Slapshot by Justin Braun.
7:27 of 1st period - Stopped by Henrik Lundqvist without a rebound.
7:28 of 1st period - Steve Ott wins face-off versus Martin Hanzal in Blues zone.
8:23 of 1st period - Snap shot by Brent Burns.
8:23 of 1st period - Stopped by Henrik Lundqvist without a rebound.
8:24 of 1st period - Andrew Desjardins wins face-off versus Andrew Shaw in Blues zone.
8:56 of 1st period - Slapshot by Andrew Shaw.
8:56 of 1st period - Stopped by Henrik Lundqvist with a rebound.
9:16 of 1st period - Kevan Miller is hit by Brooks Laich and loses puck.
9:21 of 1st period - Slapshot by Torey Krug.
9:21 of 1st period - Stopped by Henrik Lundqvist without a rebound.
9:22 of 1st period - Sean Couturier wins face-off versus Martin Hanzal in Blues zone.
9:39 of 1st period - Backhand shot by Ryan Callahan.
9:39 of 1st period - Stopped by Henrik Lundqvist without a rebound.
9:40 of 1st period - Martin Hanzal wins face-off versus Joe Vitale in Blues zone.
10:22 of 1st period - Icing by Tyler Toffoli.
10:23 of 1st period - Sean Couturier wins face-off versus Jeff Carter in Blackhawks zone.
10:26 of 1st period - Wrist shot by Rick Nash.
10:26 of 1st period - Shot Misses the Net.
10:28 of 1st period - Slapshot by Josh Gorges.
10:28 of 1st period - Stopped by Jimmy Howard without a rebound.
10:29 of 1st period - Sean Couturier wins face-off versus Jeff Carter in Blackhawks zone.
10:54 of 1st period - Wrist shot by Tyler Toffoli.
10:54 of 1st period - Stopped by Henrik Lundqvist with a rebound.
10:56 of 1st period - Snap shot by Torey Krug.
10:56 of 1st period - Goal by Torey Krug - Blackhawks : 1 - Blues : 1.
10:57 of 1st period - Johan Franzen wins face-off versus Will Acton in neutral zone.
11:02 of 1st period - Wrist shot by Artem Anisimov.
11:02 of 1st period - Shot Blocked by Barret Jackman.
11:04 of 1st period - Snap shot by Artem Anisimov.
11:04 of 1st period - Stopped by Jimmy Howard without a rebound.
11:05 of 1st period - Steve Ott wins face-off versus Will Acton in Blackhawks zone.
11:37 of 1st period - Icing by Barret Jackman.
11:38 of 1st period - Andrew Desjardins wins face-off versus Justin Fontaine in Blackhawks zone.
13:07 of 1st period - Tomas Tatar is hit by Martin Hanzal and loses puck.
13:15 of 1st period - Tomas Tatar is hit by Martin Hanzal and loses puck.
13:19 of 1st period - Josh Gorges is hit by Jordie Benn and loses puck.
13:35 of 1st period - Minor Penalty to Dustin Byfuglien for Cross-checking.
13:36 of 1st period - Brent Burns wins face-off versus Steve Ott in Blackhawks zone.
14:44 of 1st period - Johan Franzen is hit by Jordie Benn and loses puck.
15:35 of 1st period - Penalty to Dustin Byfuglien is over, Dustin Byfuglien is back on ice.
16:05 of 1st period - Snap shot by Jeff Carter.
16:05 of 1st period - Shot Blocked by Mark Fayne.
16:39 of 1st period - Bryan Allen is hit by Michael Del Zotto and loses puck.
19:29 of 1st period - Icing by Brock Nelson.
19:30 of 1st period - Andrew Shaw wins face-off versus Sean Couturier in Blackhawks zone.
Goals for this period are 1 for Blackhawks vs 1 for Blues.
Shots for this period are 16 for Blackhawks vs 6 for Blues.

2nd period


0:01 of 2nd period - Martin Hanzal wins face-off versus Steve Ott in neutral zone.
0:12 of 2nd period - Snap shot by Martin Hanzal.
0:12 of 2nd period - Deflect By Dustin Byfuglien.
0:12 of 2nd period - Shot Misses the Net.
0:12 of 2nd period - Puck is out of play.
0:13 of 2nd period - Artem Anisimov wins face-off versus Martin Hanzal in Blues zone.
0:34 of 2nd period - Wrist shot by Steve Ott.
0:34 of 2nd period - Stopped by Jimmy Howard with a rebound.
0:46 of 2nd period - Slapshot by Dustin Byfuglien.
0:46 of 2nd period - Stopped by Henrik Lundqvist without a rebound.
0:47 of 2nd period - Sean Couturier wins face-off versus Jeff Carter in Blues zone.
1:14 of 2nd period - Snap shot by Rick Nash.
1:14 of 2nd period - Stopped by Jimmy Howard without a rebound.
1:15 of 2nd period - Andrew Desjardins wins face-off versus Andrew Shaw in Blackhawks zone.
1:20 of 2nd period - Wrist shot by Mark Stone.
1:20 of 2nd period - Shot Blocked by Andrew Shaw.
1:22 of 2nd period - Slapshot by Andrew Desjardins.
1:22 of 2nd period - Stopped by Jimmy Howard with a rebound.
1:42 of 2nd period - Wrist shot by Andrew Shaw.
1:42 of 2nd period - Deflect By Brent Burns.
1:42 of 2nd period - Shot Blocked by Zdeno Chara.
1:42 of 2nd period - Puck is out of play.
1:43 of 2nd period - Martin Hanzal wins face-off versus Steve Ott in Blues zone.
1:46 of 2nd period - Snap shot by Ryan Callahan.
1:46 of 2nd period - Shot Blocked by Artem Anisimov.
2:24 of 2nd period - Martin Hanzal is hit by Johan Franzen and loses puck.
2:45 of 2nd period - Tyler Toffoli is hit by Sean Couturier and loses puck.
3:06 of 2nd period - Snap shot by Jeff Carter.
3:06 of 2nd period - Stopped by Henrik Lundqvist with a rebound.
3:08 of 2nd period - Snap shot by Jordie Benn.
3:08 of 2nd period - Deflect By Tyler Toffoli.
3:08 of 2nd period - Shot Misses the Net.
3:08 of 2nd period - Puck is out of play.
3:09 of 2nd period - Mark Stone wins face-off versus Andrew Shaw in Blues zone.
4:02 of 2nd period - Josh Gorges is hit by Brooks Laich and loses puck.
4:31 of 2nd period - Wrist shot by Justin Fontaine.
4:31 of 2nd period - Shot Blocked by Joe Vitale.
4:39 of 2nd period - Barret Jackman is hit by Zdeno Chara and loses puck.
5:40 of 2nd period - Ryan Callahan is hit by Bryan Allen and loses puck.
6:10 of 2nd period - Artem Anisimov is hit by Martin Hanzal and loses puck.
6:16 of 2nd period - Off-side.
6:17 of 2nd period - Steve Ott wins face-off versus Andrew Shaw in neutral zone.
6:27 of 2nd period - Off-side.
6:28 of 2nd period - Sean Couturier wins face-off versus Andrew Shaw in neutral zone.
6:33 of 2nd period - Wrist shot by Tomas Tatar.
6:33 of 2nd period - Stopped by Jimmy Howard with a rebound.
7:31 of 2nd period - Snap shot by Anders Lee.
7:31 of 2nd period - Shot Blocked by Barret Jackman.
7:33 of 2nd period - Slapshot by Anders Lee.
7:33 of 2nd period - Shot Misses the Net.
7:35 of 2nd period - Slapshot by Bryan Allen.
7:35 of 2nd period - Shot Misses the Net.
7:52 of 2nd period - Barret Jackman is hit by Steve Ott and loses puck.
8:37 of 2nd period - Josh Gorges is hit by Martin Hanzal and loses puck.
8:48 of 2nd period - Dustin Byfuglien is hit by Joe Vitale.
9:03 of 2nd period - Zdeno Chara is hit by Will Acton and loses puck.
9:52 of 2nd period - Wrist shot by Rick Nash.
9:52 of 2nd period - Shot Misses the Net.
10:15 of 2nd period - Sean Couturier is hit by Tyler Toffoli and loses puck.
10:50 of 2nd period - Slapshot by Dustin Byfuglien.
10:50 of 2nd period - Stopped by Henrik Lundqvist with a rebound.
10:52 of 2nd period - Snap shot by Ryan Callahan.
10:52 of 2nd period - Stopped by Henrik Lundqvist without a rebound.
10:53 of 2nd period - Will Acton wins face-off versus Steve Ott in Blues zone.
11:06 of 2nd period - Josh Gorges is hit by Jordie Benn and loses puck.
11:11 of 2nd period - Backhand shot by Torey Krug.
11:11 of 2nd period - Stopped by Henrik Lundqvist without a rebound.
11:12 of 2nd period - Steve Ott wins face-off versus Justin Fontaine in Blues zone.
11:42 of 2nd period - Wrist shot by Brent Burns.
11:42 of 2nd period - Shot Misses the Net.
11:44 of 2nd period - Snap shot by Justin Braun.
11:44 of 2nd period - Deflect By Brent Burns.
11:44 of 2nd period - Shot Misses the Net.
11:44 of 2nd period - Puck is out of play.
11:45 of 2nd period - Andrew Shaw wins face-off versus Sean Couturier in Blues zone.
11:59 of 2nd period - Minor Penalty to Ed Jovanovski for Tripping.
12:00 of 2nd period - Martin Hanzal wins face-off versus Steve Ott in Blackhawks zone.
12:23 of 2nd period - Snap shot by Rick Nash.
12:23 of 2nd period - Stopped by Jimmy Howard with a rebound.
12:34 of 2nd period - Icing by Zdeno Chara.
12:35 of 2nd period - Sean Couturier wins face-off versus Brent Burns in Blues zone.
12:40 of 2nd period - Snap shot by Tomas Tatar.
12:40 of 2nd period - Shot Misses the Net.
12:42 of 2nd period - Slapshot by Sean Couturier.
12:42 of 2nd period - Stopped by Jimmy Howard without a rebound.
12:43 of 2nd period - Sean Couturier wins face-off versus Brent Burns in Blackhawks zone.
13:59 of 2nd period - Penalty to Ed Jovanovski is over, Ed Jovanovski is back on ice.
14:06 of 2nd period - Steve Ott is hit by Ed Jovanovski and loses puck.
14:21 of 2nd period - Slapshot by Torey Krug.
14:21 of 2nd period - Stopped by Henrik Lundqvist with a rebound.
14:23 of 2nd period - Slapshot by Jordie Benn.
14:23 of 2nd period - Stopped by Henrik Lundqvist without a rebound.
14:24 of 2nd period - Will Acton wins face-off versus Joe Vitale in Blues zone.
14:27 of 2nd period - Snap shot by Torey Krug.
14:27 of 2nd period - Shot Blocked by Mark Fayne.
14:29 of 2nd period - Slapshot by Jordie Benn.
14:29 of 2nd period - Stopped by Henrik Lundqvist with a rebound.
14:31 of 2nd period - Snap shot by Torey Krug.
14:31 of 2nd period - Shot Misses the Net.
14:33 of 2nd period - Snap shot by Brooks Laich.
14:33 of 2nd period - Shot Misses the Net.
14:35 of 2nd period - Slapshot by Jordie Benn.
14:35 of 2nd period - Stopped by Henrik Lundqvist with a rebound.
14:37 of 2nd period - Slapshot by Brooks Laich.
14:37 of 2nd period - Stopped by Henrik Lundqvist with a rebound.
14:39 of 2nd period - Wrist shot by Justin Fontaine.
14:39 of 2nd period - Stopped by Henrik Lundqvist with a rebound.
15:21 of 2nd period - Snap shot by Anders Lee.
15:21 of 2nd period - Shot Misses the Net.
18:28 of 2nd period - Minor Penalty to Jeff Carter for Hooking.
18:29 of 2nd period - Brent Burns wins face-off versus Sean Couturier in Blackhawks zone.
18:37 of 2nd period - Ryan Callahan is hit by Zdeno Chara and loses puck.
18:48 of 2nd period - Wrist shot by Tomas Tatar.
18:48 of 2nd period - Shot Misses the Net.
19:24 of 2nd period - Slapshot by Johan Franzen.
19:24 of 2nd period - Shot Misses the Net.
19:26 of 2nd period - Wrist shot by Andre Benoit.
19:26 of 2nd period - Stopped by Jimmy Howard with a rebound.
19:28 of 2nd period - Slapshot by Andre Benoit.
19:28 of 2nd period - Stopped by Jimmy Howard with a rebound.
19:30 of 2nd period - Wrist shot by Johan Franzen.
19:30 of 2nd period - Stopped by Jimmy Howard with a rebound.
19:32 of 2nd period - Wrist shot by Zdeno Chara.
19:32 of 2nd period - Goal by Zdeno Chara - Blackhawks : 1 - Blues : 2.
19:33 of 2nd period - Steve Ott wins face-off versus Andrew Shaw in neutral zone.
Goals for this period are 0 for Blackhawks vs 1 for Blues.
Shots for this period are 11 for Blackhawks vs 10 for Blues.

3rd period


0:01 of 3rd period - Sean Couturier wins face-off versus Martin Hanzal in neutral zone.
0:22 of 3rd period - Dustin Byfuglien is hit by Zdeno Chara and loses puck.
0:44 of 3rd period - Minor Penalty to Sean Couturier for Diving.
0:45 of 3rd period - Andrew Desjardins wins face-off versus Jeff Carter in Blues zone.
2:04 of 3rd period - Wrist shot by Martin Hanzal.
2:04 of 3rd period - Stopped by Henrik Lundqvist without a rebound.
2:05 of 3rd period - Jeff Carter wins face-off versus Artem Anisimov in Blues zone.
2:32 of 3rd period - Josh Gorges is hit by Martin Hanzal and loses puck.
2:37 of 3rd period - Snap shot by Ryan Callahan.
2:37 of 3rd period - Shot Misses the Net.
2:39 of 3rd period - Wrist shot by Brock Nelson.
2:39 of 3rd period - Shot Blocked by Zdeno Chara.
2:44 of 3rd period - Penalty to Sean Couturier is over, Sean Couturier is back on ice.
2:55 of 3rd period - Slapshot by Michael Del Zotto.
2:55 of 3rd period - Shot Misses the Net.
3:05 of 3rd period - Slapshot by Torey Krug.
3:05 of 3rd period - Shot Blocked by Josh Gorges.
3:07 of 3rd period - Wrist shot by Will Acton.
3:07 of 3rd period - Stopped by Henrik Lundqvist without a rebound.
3:08 of 3rd period - Will Acton wins face-off versus Joe Vitale in Blues zone.
4:19 of 3rd period - Slapshot by Jeff Carter.
4:19 of 3rd period - Shot Misses the Net.
4:21 of 3rd period - Slapshot by Torey Krug.
4:21 of 3rd period - Deflect By Jeff Carter.
4:21 of 3rd period - Shot Misses the Net.
4:21 of 3rd period - Puck is out of play.
4:22 of 3rd period - Martin Hanzal wins face-off versus Sean Couturier in Blues zone.
4:43 of 3rd period - Zdeno Chara is hit by Ryan Callahan and loses puck.
5:15 of 3rd period - Mark Stone is hit by Brent Burns and loses puck.
5:24 of 3rd period - Brock Nelson is hit by Andrew Desjardins.
6:58 of 3rd period - Johan Franzen is hit by Justin Fontaine and loses puck.
7:04 of 3rd period - Off-side.
7:05 of 3rd period - Martin Hanzal wins face-off versus Steve Ott in neutral zone.
8:18 of 3rd period - Wrist shot by Tyler Toffoli.
8:18 of 3rd period - Stopped by Henrik Lundqvist with a rebound.
9:05 of 3rd period - Backhand shot by Brent Burns.
9:05 of 3rd period - Stopped by Henrik Lundqvist without a rebound.
9:06 of 3rd period - Andrew Shaw wins face-off versus Joe Vitale in Blues zone.
9:54 of 3rd period - Off-side.
9:55 of 3rd period - Will Acton wins face-off versus Sean Couturier in neutral zone.
10:59 of 3rd period - Anders Lee is hit by Ed Jovanovski and loses puck.
11:11 of 3rd period - Minor Penalty to Andrew Desjardins for Roughing.
11:12 of 3rd period - Jeff Carter wins face-off versus Artem Anisimov in Blues zone.
11:32 of 3rd period - Steve Ott is hit by Tyler Toffoli and loses puck.
11:55 of 3rd period - Josh Gorges is hit by Ryan Callahan and loses puck.
12:12 of 3rd period - Snap shot by Dustin Byfuglien.
12:12 of 3rd period - Shot Misses the Net.
12:14 of 3rd period - Slapshot by Ryan Callahan.
12:14 of 3rd period - Stopped by Henrik Lundqvist with a rebound.
12:16 of 3rd period - Wrist shot by Martin Hanzal.
12:16 of 3rd period - Stopped by Henrik Lundqvist with a rebound.
12:18 of 3rd period - Slapshot by Dustin Byfuglien.
12:18 of 3rd period - Shot Blocked by Artem Anisimov.
13:11 of 3rd period - Penalty to Andrew Desjardins is over, Andrew Desjardins is back on ice.
13:25 of 3rd period - Slapshot by Brent Burns.
13:25 of 3rd period - Stopped by Henrik Lundqvist with a rebound.
13:27 of 3rd period - Slapshot by Justin Braun.
13:27 of 3rd period - Stopped by Henrik Lundqvist with a rebound.
13:29 of 3rd period - Slapshot by Ed Jovanovski.
13:29 of 3rd period - Stopped by Henrik Lundqvist with a rebound.
13:39 of 3rd period - Snap shot by Jeff Carter.
13:39 of 3rd period - Stopped by Henrik Lundqvist without a rebound.
13:40 of 3rd period - Joe Vitale wins face-off versus Jeff Carter in Blues zone.
14:04 of 3rd period - Ed Jovanovski is hit by Joe Vitale and loses puck.
14:45 of 3rd period - Slapshot by Torey Krug.
14:45 of 3rd period - Deflect By Johan Franzen.
14:45 of 3rd period - Stopped by Henrik Lundqvist with a rebound.
15:49 of 3rd period - Wrist shot by Brent Burns.
15:49 of 3rd period - Stopped by Henrik Lundqvist with a rebound.
15:59 of 3rd period - Icing by Brent Burns.
16:00 of 3rd period - Tomas Tatar wins face-off versus Andrew Shaw in Blackhawks zone.
16:05 of 3rd period - Slapshot by Tomas Tatar.
16:05 of 3rd period - Goal by Tomas Tatar - Blackhawks : 1 - Blues : 3.
16:06 of 3rd period - Sean Couturier wins face-off versus Jeff Carter in neutral zone.
16:22 of 3rd period - Wrist shot by Jeff Carter.
16:22 of 3rd period - Stopped by Henrik Lundqvist without a rebound.
16:23 of 3rd period - Sean Couturier wins face-off versus Jeff Carter in Blues zone.
17:24 of 3rd period - Wrist shot by Johan Franzen.
17:24 of 3rd period - Stopped by Jimmy Howard with a rebound.
17:26 of 3rd period - Slapshot by Kevan Miller.
17:26 of 3rd period - Shot Hit the Post.
17:28 of 3rd period - Wrist shot by Artem Anisimov.
17:28 of 3rd period - Stopped by Jimmy Howard without a rebound.
17:29 of 3rd period - Andrew Shaw wins face-off versus Andrew Desjardins in Blackhawks zone.
17:29 of 3rd period - Andrew Shaw is hit by Anders Lee.
17:32 of 3rd period - Minor Penalty to Andrew Shaw for Goalie Interference.
17:33 of 3rd period - Brent Burns wins face-off versus Steve Ott in Blackhawks zone.
18:11 of 3rd period - Barret Jackman is hit by Steve Ott and loses puck.
18:52 of 3rd period - Justin Braun is hit by Anders Lee and loses puck.
19:05 of 3rd period - Jeff Carter is hit by Steve Ott and loses puck.
19:20 of 3rd period - Icing by Andre Benoit.
19:21 of 3rd period - Sean Couturier wins face-off versus Brent Burns in Blues zone.
19:32 of 3rd period - Penalty to Andrew Shaw is over, Andrew Shaw is back on ice.
19:36 of 3rd period - Slapshot by Tomas Tatar.
19:36 of 3rd period - Shot Misses the Net.
19:54 of 3rd period - Snap shot by Johan Franzen.
19:54 of 3rd period - Shot Blocked by Brooks Laich.
19:56 of 3rd period - Wrist shot by Andrew Desjardins.
19:56 of 3rd period - Shot Blocked by Will Acton.
19:58 of 3rd period - Wrist shot by Johan Franzen.
19:58 of 3rd period - Stopped by Jimmy Howard without a rebound.
19:59 of 3rd period - Joe Vitale wins face-off versus Will Acton in Blackhawks zone.
Goals for this period are 0 for Blackhawks vs 1 for Blues.
Shots for this period are 13 for Blackhawks vs 4 for Blues.


Output by the SimonT Hockey Simulator (STHS) for Eric Dolegowski -- Original Page W3C XHTML 1.0 Valid
Hockey Simulator - Hockey Simulation - Hockey Manager